 Dungeon Crawl Stone Soup version 0.23.2-1-ga50397a (webtiles) character file.

Game seed: 3440172405158444986

3600 MalarOregon the Geomancer (level 10, -1/75 (80) HPs)
             Began as a Ghoul Earth Elementalist on June 2, 2019.
             Was an Initiate of Makhleb.
             Slain by a centaur warrior zombie (2 damage)
             ... on level 7 of the Dungeon.
             The game lasted 00:33:38 (9421 turns).

MalarOregon the Geomancer (GhEE)                    Turns: 9421, Time: 00:33:39

HP:   -1/75 (80)    AC:  6    Str: 13    XL:     10   Next: 10%
MP:   3/17          EV: 13    Int: 13    God:    Makhleb [......]
Gold: 425           SH:  0    Dex:  9    Spells: 5/20 levels left

rFire    . . .     SeeInvis .     - Unarmed
rCold    + . .     Gourm    .   (no shield)
rNeg     + + +     Faith    .   c - +1 robe
rPois    ∞         Spirit   .   (no helmet)
rElec    .         Reflect  .   (no cloak)
rCorr    .         Harm     .   q - +1 pair of gloves {archery}
MR       .....                  j - +0 pair of boots
Stlth    ++++......             (no amulet)
HPRegen  0.00/turn              u - ring of stealth
MPRegen  0.15/turn              m - ring of wizardry

@: rotting
A: rotting body, claws 1, carnivore, cold resistance 1, negative energy
resistance 3, inhibited regeneration, torment resistance, unbreathing
a: Renounce Religion


You were on level 7 of the Dungeon.
You worshipped Makhleb.
Makhleb was noncommittal.
You were hungry.

You visited 2 branches of the dungeon, and saw 8 of its levels.
You also visited: Sewer.

You collected 425 gold pieces.

Inventory:

Armour
 c - a +1 robe (worn)
 j - a +0 pair of boots (worn)
   (You found it on level 2 of the Dungeon)
 q - a +1 pair of gloves of archery (worn)
   (You found it on level 2 of the Dungeon)
 A - a +1 hat
   (You found it on level 7 of the Dungeon)
Jewellery
 l - an uncursed ring of protection from magic
   (You found it on level 1 of the Dungeon)
 m - a ring of wizardry (right hand)
   (You found it on level 2 of the Dungeon)
 u - a ring of stealth (left hand)
   (You found it on level 3 of the Dungeon)
 y - an uncursed amulet of the gourmand {unknown}
   (You found it on level 5 of the Dungeon)
 E - a cursed ring of teleportation {unknown}
   (You found it on level 7 of the Dungeon)
Wands
 s - a wand of scattershot (6)
   (You found it in a sewer)
 v - a wand of digging (3)
   (You took it off Jessica on level 3 of the Dungeon)
 x - a wand of acid (6)
   (You found it on level 4 of the Dungeon)
Scrolls
 d - 2 scrolls of remove curse {@r2}
 g - 2 scrolls of enchant weapon
 o - 2 scrolls of teleportation {@r4}
 p - 3 scrolls of blinking
 r - 2 scrolls of enchant armour
 t - 2 scrolls of identify {@r1}
 w - 4 scrolls of fog
 C - a scroll of torment
Potions
 b - a potion of ambrosia {unknown}
 f - a potion of heal wounds {@q2}
 h - 2 potions of agility
 i - a potion of haste {@q3}
 k - 2 potions of brilliance
 n - 3 potions of curing {@q1}
 z - a potion of cancellation {unknown}
 B - a potion of lignification {unknown}
 F - a potion of degeneration {unknown}
Comestibles
 e - 12 rations {!d}


   Skills:
 + Level 4.7 Fighting
 + Level 4.4 Dodging
 + Level 5.9 Stealth
 + Level 4.8 Unarmed Combat
 * Level 5.8 Spellcasting
 - Level 3.0 Conjurations
 + Level 3.2 Transmutations
 * Level 8.0 Earth Magic


You had 5 spell levels left.
You knew the following spells:

 Your Spells              Type           Power        Failure   Level  Hunger
a - Sandblast             Erth           ###...       1%          1    None
b - Petrify               Tmut/Erth      ###.....     7%          4    ####...
c - Lee's Rapid Deconstr  Erth           ###.......   8%          5    ######.
q - Passwall              Tmut/Erth      ###.....     1%          2    ##.....
x - Stone Arrow           Conj/Erth      ###...       2%          3    ###....

Your spell library contained the following spells:

 Spells                   Type           Power        Failure   Level  Hunger
 Summon Small Mammal      Summ           #...         7%          1    None
 Call Imp                 Summ           #.......     11%         2    ##.....
 Call Canine Familiar     Summ           #.......     21%         3    ###....
 Summon Guardian Golem    Hex/Summ       #.......     21%         3    ###....
 Summon Ice Beast         Ice/Summ       #.......     52%         4    ####...
 Summon Lightning Spire   Summ/Air       #.......     52%         4    ####...


Dungeon Overview and Level Annotations

Branches:
Dungeon (7/15)             Temple (1/1) D:7

Altars:
Ashenzari
Cheibriados
Dithmenos
Elyvilon
Fedhas
Gozag
Hepliaklqana
Kikubaaqudgha
Makhleb
Nemelex Xobeh
Okawaru
Qazlal
Ru
Sif Muna
Trog
Uskayaw
Vehumet
Wu Jian
Xom
Yredelemnul
Zin
The Shining One

Shops:
D:6 [

Annotations:
D:2 exclusion: sky beast
D:6 1 runed translucent door, Crazy Yiuf


Innate Abilities, Weirdness & Mutations

Your body is rotting away.
You thrive on raw meat.
You are immune to poison.
You have sharp fingernails.
You are carnivorous and can eat meat at any time.
Your flesh is cold resistant. (rC+)
You are immune to negative energy. (rN+++)
You do not regenerate when monsters are visible.
You are immune to unholy pain and torment.
You can survive without breathing.


Message History

* * * LOW HITPOINT WARNING * * *
The jackal barely misses you. The centaur warrior zombie hits you.
* * * LOW HITPOINT WARNING * * *
Aim: a centaur warrior zombie (heavily damaged)
The stone arrow hits the centaur warrior zombie!
The centaur warrior zombie hits you.
* * * LOW HITPOINT WARNING * * *
Aim: a jackal The stone arrow hits the jackal!
You kill the jackal!
Makhleb accepts your kill. The centaur warrior zombie hits you.
* * * LOW HITPOINT WARNING * * *
Aim: a centaur warrior zombie (severely damaged)
The stone arrow hits the centaur warrior zombie!
You are feeling hungry.
The centaur warrior zombie hits you.
* * * LOW HITPOINT WARNING * * *
The jackal bites you but does no damage.
The centaur warrior zombie closely misses you.
Aim: a jackal The stone arrow hits the jackal!
You kill the jackal!
Makhleb accepts your kill. The centaur warrior zombie hits you.
* * * LOW HITPOINT WARNING * * *
Aim: a centaur warrior zombie (severely damaged)
The stone arrow hits the centaur warrior zombie!
The centaur warrior zombie barely misses you.
You don't have enough magic to cast that spell.
You hit the centaur warrior zombie. The centaur warrior zombie hits you.
* * * LOW HITPOINT WARNING * * *
You completely miss the centaur warrior zombie.
The centaur warrior zombie hits you but does no damage. x2
You hit the centaur warrior zombie. The centaur warrior zombie misses you.
You hit the centaur warrior zombie but do no damage.
You punch the centaur warrior zombie. The centaur warrior zombie hits you.
* * * LOW HITPOINT WARNING * * *
Okay, then.
You hit the centaur warrior zombie. The centaur warrior zombie hits you!
* * * LOW HITPOINT WARNING * * *
The centaur warrior zombie hits you.
* * * LOW HITPOINT WARNING * * *
You see here a jackal corpse.
Okay, then.
You butcher the jackal corpse.
The centaur warrior zombie barely misses you.
The centaur warrior zombie hits you.
You die...

#....###....#....... ####
#....>##....#....... ##...##
##..........#....... .......
#...................
....._.###..................
.........#...).##...........
_..8.....#.....##..##.......
..........h....#............
..........Z@#......#........
..._...#..#.###.............
.........######.............
#.....#### #..............
###### #.............
#####......... ####..###.
#..##...#. #.........


You could see a centaur warrior zombie and a jackal.

Vanquished Creatures
  Pikel (D:6)
  Prince Ribbit (D:6)
  Sigmund (D:3)
  A hungry ghost (D:7)
  Edmund (D:5)
  Duvessa (D:6)
  3 sky beasts (D:6)
  Purgy (Sewer)
  2 slaves
  An ice beast (D:6)
  2 ogres (D:4)
  3 centaurs
  Blork the orc (D:5)
  2 bullfrogs (D:6)
  Dowan (D:6)
  3 scorpions
  A jelly (D:5)
  5 killer bees
  2 howler monkeys
  4 crimson imps
  A bullfrog zombie (D:7)
  A centaur zombie (D:6)
  4 hounds
  An orc priest (D:3)
  A bullfrog skeleton (D:4)
  Jessica (D:3)
  2 iguanas
  7 worker ants
  2 hound skeletons
  A howler monkey skeleton (D:6)
  4 gnolls (D:4)
  A river rat (D:3)
  5 adders
  4 worms
  3 dart slugs (D:1)
  5 leopard geckos
  10 orcs
  11 bats
  7 giant cockroaches
  7 goblins
  11 hobgoblins
  7 jackals
  12 kobolds
  2 quokkas
  2 ball pythons (D:3)
  11 frilled lizards
  A leopard gecko skeleton (D:4)
  8 rats
169 creatures vanquished.

Notes
Turn   | Place    | Note
-------+----------+-------------------------------------------
     0 | D:1      | MalarOregon the Ghoul Earth Elementalist began the quest
                  | for the Orb.
     0 | D:1      | Reached XP level 1. HP: 14/14 MP: 2/2
   177 | D:1      | Reached XP level 2. HP: 20/20 MP: 1/3
   632 | D:1      | Reached XP level 3. HP: 27/27 MP: 1/5
  1225 | D:2      | Noticed a sky beast
  1421 | D:2      | Reached skill level 1 in Fighting
  1617 | D:2      | Learned a level 3 spell: Stone Arrow
  1775 | D:2      | Reached skill level 1 in Unarmed Combat
  1775 | D:2      | Reached XP level 4. HP: 23/35 MP: 6/6
  2810 | D:3      | Reached skill level 4 in Earth Magic
  2892 | D:3      | Noticed Jessica
  2895 | D:3      | Killed Jessica
  2895 | D:3      | Reached XP level 5. HP: 31/40 MP: 4/8
  3058 | D:3      | Noticed Sigmund
  3071 | D:3      | Killed Sigmund
  3071 | D:3      | Reached XP level 6. HP: 27/48 MP: 0/9
  3129 | D:3      | Found a glowing drain.
  3138 | Sewer    | Entered a sewer
  3369 | Sewer    | Noticed Purgy
  3382 | Sewer    | Killed Purgy
  3382 | Sewer    | Reached skill level 1 in Conjurations
  3740 | D:3      | Reached skill level 5 in Earth Magic
  3740 | D:3      | Reached XP level 7. HP: 42/55 MP: 4/11
  4400 | D:4      | Learned a level 4 spell: Petrify
  4406 | D:4      | Learned a level 5 spell: Lee's Rapid Deconstruction
  4516 | D:4      | Reached skill level 1 in Transmutations
  4568 | D:4      | Reached XP level 8. HP: 62/62 MP: 6/12
  4685 | D:5      | Entered Level 5 of the Dungeon
  4695 | D:5      | Learned a level 2 spell: Passwall
  4751 | D:5      | Noticed Blork the orc
  4770 | D:5      | Killed Blork the orc
  5029 | D:5      | Noticed Edmund
  5067 | D:5      | Found a basalt altar of Yredelemnul.
  5264 | D:5      | Noticed an air elemental
  5265 | D:5      | Found a stormy altar of Qazlal.
  5268 | D:5      | Noticed a water elemental
  5402 | D:5      | Reached skill level 6 in Earth Magic
  5746 | D:5      | Killed Edmund
  6225 | D:6      | Noticed Prince Ribbit
  6293 | D:6      | Killed Prince Ribbit
  6293 | D:6      | Reached XP level 9. HP: 59/71 MP: 8/15
  6346 | D:6      | Reached skill level 5 in Stealth
  6378 | D:6      | Noticed Duvessa
  6378 | D:6      | Noticed Dowan
  6708 | D:6      | Killed Duvessa
  6721 | D:6      | Killed Dowan
  6721 | D:6      | Reached skill level 5 in Spellcasting
  6861 | D:6      | Found a runed translucent door.
  6862 | D:6      | Noticed Crazy Yiuf
  7011 | D:6      | Reached skill level 7 in Earth Magic
  7147 | D:6      | Found Kaulifau's Armour Shop.
  8214 | D:7      | Noticed Pikel
  8742 | D:7      | Found a staircase to the Ecumenical Temple.
  8774 | Temple   | Entered the Ecumenical Temple
  8872 | Temple   | Became a worshipper of Makhleb the Destroyer
  9222 | D:6      | Killed Pikel
  9222 | D:6      | Reached skill level 8 in Earth Magic
  9222 | D:6      | Reached XP level 10. HP: 70/78 MP: 2/17
  9381 | D:7      | Found a sacrificial altar of Ru.
  9381 | D:7      | Found a deep blue altar of Sif Muna.
  9384 | D:7      | Found an iron altar of Okawaru.
  9420 | D:7      | HP: 1/75 [centaur warrior zombie (3)]
  9421 | D:7      | Slain by a centaur warrior zombie

Skill      XL: |  1  2  3  4  5  6  7  8  9 |
---------------+----------------------------+-----
Spellcasting   | 2 3 4 5 |  5.8
Dodging        | 2 3 4 |  4.4
Fighting       | 1 2 3 4 |  4.7
Unarmed Combat | 1 2 3 4 |  4.8
Earth Magic    | 4 5 6 8 |  8.0
Stealth        | 3 4 5 |  5.9
Conjurations   | 1 2 3 |  3.0
Transmutations | 1 2 3 |  3.2

Action                   |  1- 3 |  4- 6 |  7- 9 | 10-12 || total
-------------------------+-------+-------+-------+-------++-------
Melee: Unarmed           |   157 |   175 |   113 |    25 ||   470
       Punch             |       |       |       |     2 ||     2
 Cast: Sandblast         |    34 |    64 |   177 |       ||   275
       Stone Arrow       |       |       |    69 |     5 ||    74
  Use: Scroll            |       |     8 |     9 |       ||    17
 Stab: Sleeping          |     1 |     2 |       |       ||     3
  Eat: Chunk             |     3 |    10 |    23 |       ||    36
       Ration            |       |       |     1 |     1 ||     2
Armor: Robe              |    40 |    77 |    42 |     8 ||   167
Dodge: Dodged            |   120 |   163 |   166 |    20 ||   469
